 Dungeon Crawl Stone Soup version 0.28.0 (webtiles) character file.

Game seed: 11698357254400044299

400 crazypyro the Skirmisher (level 6, 0/67 HPs)
             Began as an Ogre Berserker on Feb 10, 2022.
             Was a Priest of Trog.
             Slain by a black bear (5 damage)
             ... on level 3 of the Dungeon.
             The game lasted 00:03:20 (3136 turns).

crazypyro the Skirmisher (Ogre Berserker)           Turns: 3136, Time: 00:03:21

Health: 0/67       AC:  4    Str: 24    XL:     6   Next: 84%
Magic:  6/6        EV: 10    Int:  8    God:    Trog [***...]
Gold:   217        SH:  0    Dex:  8    Spells: 5/5 levels left

rFire   . . .      SeeInvis +   a - +0 mace
rCold   . . .      Faith    .   (no shield)
rNeg    . . .      Spirit   .   b - +0 animal skin
rPois   .          Reflect  .   (helmet restricted)
rElec   .          Harm     .   m - +0 cloak
rCorr   .          Rampage  .   (gloves unavailable)
Will    .....                   (boots unavailable)
Stlth   +.........              c - amulet of regeneration
HPRegen 1.01/turn               g - ring of see invisible
MPRegen 0.10/turn               (no ring)

@: no status effects
A: large, unfitting armour, tough skin 1
a: Renounce Religion, Berserk, Trog's Hand


You were on level 3 of the Dungeon.
You worshipped Trog.
Trog was most pleased with you.
You visited 1 branch of the dungeon, and saw 4 of its levels.

You collected 217 gold pieces.

Inventory:

Hand Weapons
 a - a +0 mace (weapon)
Missiles
 d - 2 throwing nets (quivered)
Armour
 b - a +0 animal skin (worn)
 m - a +0 cloak (worn)
Jewellery
 c - an amulet of regeneration (around neck)
 g - a ring of see invisible (left hand)
Scrolls
 f - a scroll of teleportation {unknown}
 j - a scroll of enchant armour {unknown}
 k - a scroll of identify {unknown}
 l - a scroll of fear {unknown}
 n - a scroll of silence {unknown}
 o - 2 scrolls of enchant weapon {unknown}
 r - a scroll of vulnerability {unknown}
Potions
 e - a potion of lignification {unknown}
 h - a potion of curing
 i - a potion of heal wounds {unknown}
 p - a potion of mutation {unknown}
 q - a potion of flight {unknown}


   Skills:
 - Level 6.0 Fighting
 * Level 5.0 Maces & Flails
 - Level 4.1 Dodging


You had 5 spell levels left.
You didn't know any spells.
Your spell library was empty.

Dungeon Overview and Level Annotations

Branches:
Dungeon (4/15)
 Temple: D:4-7

Altars:
Trog

Annotations:
D:3 3 runed translucent doors, InsaneWolf's ghost, amateur MiBe


Innate Abilities, Weirdness & Mutations

You are too large for most types of armour.
You have tough skin. (AC +1)


Message History

The black bear claws you.
You closely miss the black bear.
The black bear is lightly wounded.
The black bear bites you.
The black bear claws you but does no damage. x2
You hit the black bear.
The black bear is moderately wounded.
The black bear bites you. The black bear claws you. The black bear misses you.
You sock the black bear!
The black bear is severely wounded.
The black bear bites you! The black bear barely misses you.
The black bear claws you.
You hit the black bear. You punch the black bear.
The black bear is almost dead.
The black bear goes berserk!
You closely miss the black bear.
The black bear is almost dead.
The black bear bites you but does no damage.
The black bear claws you. The black bear misses you.
The black bear barely misses you. The black bear claws you.
The black bear barely misses you.
You sock the black bear!
The black bear is almost dead.
The black bear bites you. The black bear claws you. x2
The black bear bites you! The black bear closely misses you. x2
You barely miss the black bear.
The black bear is almost dead.
The black bear bites you. The black bear claws you.
The black bear claws you but does no damage.
InsaneWolf's ghost shrieks, "They lied to you.
The Dungeon just goes down and down forever."
You hit the black bear.
The black bear is almost dead.
The black bear bites you!
* * * LOW HITPOINT WARNING * * *
The black bear claws you.
* * * LOW HITPOINT WARNING * * *
The black bear claws you.
* * * LOW HITPOINT WARNING * * *
The black bear bites you.
You die...

..........#######..........#
# .........†#
#####......######
##........#
#####.............
..........#
#........##....###
..........#
#........'.<......
..........#
#.......<##.....##
..........#
#........##.......
...########
#.h......###.##.## ...#
##@.......# #.##.# ...#
#.........# #.##.# ...#
#.........# #.##.## ####
###+++###..# #......
#ZZWZ...########.###
##.Z...##...†....#
#.......#........#
##.$?..##........###
#..#.#..###.........


You could see a black bear (berserk), InsaneWolf's ghost, a wyvern zombie, a
howler monkey zombie, a bullfrog skeleton and a centaur skeleton.

Vanquished Creatures
  An ice beast (D:3)
  A hound (D:3)
  2 orc priests (D:3)
  A jelly (D:2)
  An orc wizard (D:3)
  Natasha (thrice) (D:2)
  An adder (D:2)
  3 worms
  2 dart slugs
  6 orcs (D:3)
  7 ball pythons
  5 endoplasms
  A giant cockroach (D:1)
  8 hobgoblins
  4 jackals (D:1)
  2 quokkas
  4 bats
  4 goblins
  6 kobolds
  7 rats
69 creatures vanquished.

Vanquished Creatures (others)
  2 plants (D:2)
2 creatures vanquished.

Grand Total: 71 creatures vanquished

Notes
Turn   | Place    | Note
-------+----------+-------------------------------------------
     0 | D:1      | crazypyro the Ogre Berserker began the quest for the Orb.
     0 | D:1      | Reached XP level 1. HP: 24/24 MP: 1/1
   184 | D:1      | Reached XP level 2. HP: 32/32 MP: 2/2
   744 | D:1      | Reached XP level 3. HP: 36/40 MP: 3/3
  1454 | D:2      | Reached ** piety under Trog
  1503 | D:2      | Reached skill level 5 in Fighting
  1503 | D:2      | Reached XP level 4. HP: 39/50 MP: 4/4
  1964 | D:2      | Noticed Natasha
  1971 | D:2      | Killed Natasha
  2230 | D:2      | Noticed Natasha
  2242 | D:2      | Killed Natasha
  2243 | D:2      | Reached XP level 5. HP: 43/57 MP: 5/5
  2268 | D:2      | Noticed Natasha
  2291 | D:2      | Killed Natasha
  2426 | D:3      | Reached XP level 6. HP: 67/67 MP: 6/6
  2434 | D:3      | Reached skill level 6 in Fighting
  2523 | D:3      | Found a runed translucent gate.
  2523 | D:3      | Found a runed translucent gate.
  2523 | D:3      | Found a runed translucent gate.
  2638 | D:3      | Noticed an ice beast
  2651 | D:3      | Killed an ice beast
  2885 | D:3      | Reached *** piety under Trog
  3095 | D:3      | Noticed InsaneWolf's ghost (amateur MiBe)
  3108 | D:4      | Found a bloodstained altar of Trog.
  3108 | D:4      | Noticed a black bear
  3108 | D:4      | Noticed a black bear
  3119 | D:3      | Reached skill level 5 in Maces & Flails
  3136 | D:3      | Slain by a black bear

Illustrated notes

Levels and vault maps discovered:
D:1:      amcnicky_arrival_abandoned_market, layout_loops_ring, serial_forest,
          infiniplex_forest_lined_3_way, infiniplex_forest_clump_long,
          infiniplex_forest_3_way, infiniplex_forest_end_double,
          infiniplex_forest_corner_1, infiniplex_forest_end_2,
          infiniplex_forest_lined_3, infiniplex_forest_straight_3,
          infiniplex_forest_corner_2, infiniplex_forest_lined_3_way,
          chequers_serial_rivers_large_b
D:2:      layout_basic, serial_forest, infiniplex_forest_clump_curved,
          infiniplex_forest_pool, infiniplex_forest_corner_1,
          infiniplex_forest_end_2, infiniplex_forest_clump_tiny,
          infiniplex_forest_clump_double, uniq_natasha
D:3:      layout_basic, gammafunk_ghost_necromancy
D:4:      layout_basic, trog_ov_bears_minmay, uniq_eustachio

Skill      XL: |  1  2  3  4  5  6 |
---------------+-------------------+-----
Maces & Flails | 3 4 5 |  5.0
Dodging        | 3 4 |  4.1
Fighting       | 5 6 |  6.0

Action                   |  1- 3 |  4- 6 || total
-------------------------+-------+-------++-------
Melee: Mace              |    95 |   159 ||   254
       Punch             |     1 |     2 ||     3
Invok: Berserk           |       |     1 ||     1
       Trog's Hand       |       |     1 ||     1
  Use: Scroll            |     1 |       ||     1
Armor: Animal skin       |    23 |    49 ||    72
Dodge: Dodged            |    55 |   106 ||   161
